 Dungeon Crawl Stone Soup version 0.25-a0-460-g4f2eb97ec1 (webtiles) character file.

Game seed: 16215826432451901513, levelgen mode: deterministic

1687 Elellon the Thaumaturge (level 8, -20/42 HPs)
             Began as a Deep Elf Conjurer on Feb 3, 2020.
             Was a Believer of Vehumet.
             Demolished by Harold
             ... wielding a +0 halberd
              (21 damage)
             ... on level 7 of the Dungeon.
             The game lasted 00:11:09 (7389 turns).

Elellon the Thaumaturge (Deep Elf Conjurer)         Turns: 7389, Time: 00:11:10

Health: -20/42     AC:  3    Str:  7    XL:     8   Next: 71%
Magic:  19/24      EV: 13    Int: 21    God:    Vehumet [**....]
Gold:   350        SH:  4    Dex: 15    Spells: 19/27 levels left

rFire    x . .     SeeInvis .   e - +7 falchion (elec)
rCold    + . .     Gourm    .   g - +0 buckler
rNeg     + . .     Faith    .   a - +1 robe
rPois    .         Spirit   .   (no helmet)
rElec    .         Reflect  .   (no cloak)
rCorr    .         Harm     .   (no gloves)
MR       .....                  (no boots)
Stlth    ++........             (no amulet)
HPRegen  0.14/turn              d - ring of ice
MPRegen  0.19/turn              h - ring of positive energy

@: marked
A: no striking features
a: Renounce Religion


You were on level 7 of the Dungeon.
You worshipped Vehumet.
Vehumet was pleased with you.
You were hungry.

You visited 2 branches of the dungeon, and saw 8 of its levels.

You collected 350 gold pieces.

Inventory:

Hand Weapons
 e - a +7 falchion of electrocution (weapon)
Missiles
 f - 49 poisoned darts (quivered)
Armour
 a - a +1 robe (worn)
 g - a +0 buckler (worn)
Jewellery
 d - a ring of ice (left hand)
 h - a ring of positive energy (right hand)
 s - a +3 ring of intelligence {unknown}
Wands
 n - a wand of enslavement (19)
 r - a wand of acid (7)
Scrolls
 b - 3 scrolls of remove curse
 k - 4 scrolls of teleportation
Potions
 i - a potion of agility {unknown}
 l - 6 potions of curing {unknown}
 m - 2 potions of brilliance {unknown}
 o - a potion of resistance {unknown}
 t - a potion of heal wounds {unknown}
Comestibles
 c - 10 rations


   Skills:
 + Level 0.6 Fighting
 + Level 2.8 Dodging
 - Level 2.4 Stealth
 + Level 2.1 Shields
 + Level 10.0 Spellcasting
 + Level 9.2 Conjurations
 * Level 1.6 Fire Magic


You had 19 spell levels left.
You knew the following spells:

 Your Spells              Type           Power        Failure   Level  Hunger
a - Magic Dart            Conj           ####         1%          1    None
b - Searing Ray           Conj           #####.       1%          2    None
c - Iskenderun's Mystic   Conj/Tloc      ####....     12%         4    ##.....
d - Foxfire               Conj/Fire      ####         1%          1    None

Your spell library contained the following spells:

 Spells                   Type           Power        Failure   Level  Hunger
 Dazzling Flash           Conj/Hex       ####..       3%          3    None
 Fulminant Prism          Conj/Hex       ####......   12%         4    ##.....


Dungeon Overview and Level Annotations

Branches:
Dungeon (7/15)             Temple (1/1) D:4

Altars:
Kikubaaqudgha
Makhleb
Nemelex Xobeh
Ru
Vehumet
Wu Jian
Xom

Annotations:
D:7 Harold


Message History

Casting: Searing Ray (safe; 1% risk of failure)
Confirm with . or Enter, or press ? or * to list all spells.
Aiming: Searing Ray (safe; 1% risk of failure)
Press: ? - help, Shift-Dir - straight line, f/p - Harold
Aim: Harold, wielding a +0 halberd, wearing a +0 scale mail and quivering a throwing net The searing ray hits Harold!
Harold is lightly wounded. (Press . to maintain the ray.) Harold hits you with a +0 halberd!!
* * * LOW HITPOINT WARNING * * *
The searing ray hits Harold!!
Harold is moderately wounded.
Harold points at you and mumbles some strange words.
A sentinel's mark forms upon you.
The searing ray hits Harold!
Harold is heavily wounded.
You hear the faint creaking of a very distant portcullis.
Harold hits you with a +0 halberd!!
Ouch! That really hurt!
You die...

#.#.....#
#.#.###.#
#.#.# ###
#.#.#
#######.#.#
#.......#.#
#(#######.#
#.#..<....#
#@#########
#.@......
#.#######
#.# #.# #.#
#.# ###


You could see Harold.

Vanquished Creatures
  Pikel (D:4)
  A water moccasin (D:5)
  2 ice beasts
  A black bear (D:6)
  An ogre (D:3)
  A scorpion (D:6)
  2 crimson imps
  3 hounds
  A jelly (D:6)
  4 orc wizards
  An orc priest (D:4)
  A bullfrog skeleton (D:5)
  Ijyb (D:4)
  Terence (D:3)
  2 iguanas
  A howler monkey zombie (D:6)
  A worker ant zombie (D:5)
  8 adders
  5 gnolls
  A howler monkey skeleton (D:4)
  2 oozes
  An adder skeleton (D:6)
  3 worms
  3 dart slugs
  3 leopard geckos
  8 orcs
  2 ball pythons
  7 giant cockroaches
  18 goblins
  8 hobgoblins
  2 jackals (D:1)
  2 quokkas
  A ball python skeleton (D:4)
  8 bats
  7 frilled lizards
  6 kobolds
  A leopard gecko skeleton (D:4)
  A leopard gecko zombie (D:6)
  A quokka skeleton (D:6)
  7 rats
130 creatures vanquished.

Vanquished Creatures (others)
  A slave (D:4)
  A frilled lizard (D:4)
2 creatures vanquished.

Grand Total: 132 creatures vanquished

Notes
Turn   | Place    | Note
-------+----------+-------------------------------------------
     0 | D:1      | Elellon the Deep Elf Conjurer began the quest for the Orb.
     0 | D:1      | Reached XP level 1. HP: 10/10 MP: 6/6
   237 | D:1      | Reached XP level 2. HP: 15/15 MP: 2/8
   590 | D:1      | Reached skill level 4 in Spellcasting
   590 | D:1      | Reached skill level 5 in Conjurations
   590 | D:1      | Reached XP level 3. HP: 11/19 MP: 4/10
   724 | D:1      | Learned a level 2 spell: Searing Ray
  1637 | D:2      | Reached XP level 4. HP: 24/24 MP: 7/12
  1739 | D:2      | Learned a level 4 spell: Iskenderun's Mystic Blast
  2190 | D:2      | Found a radiant altar of Vehumet.
  2345 | D:2      | Became a worshipper of Vehumet
  2508 | D:3      | Reached skill level 5 in Spellcasting
  2508 | D:3      | Noticed Terence
  2516 | D:3      | Killed Terence
  2667 | D:3      | Reached XP level 5. HP: 20/28 MP: 10/14
  2855 | D:3      | Found a sparkling altar of Nemelex Xobeh.
  2927 | D:3      | Noticed an ogre
  2944 | D:3      | Killed an ogre
  2944 | D:3      | Reached skill level 6 in Spellcasting
  3258 | D:3      | Reached XP level 6. HP: 30/32 MP: 9/17
  3342 | D:3      | Found an ancient bone altar of Kikubaaqudgha.
  3438 | D:3      | Found a burning altar of Makhleb.
  3479 | D:3      | Found a shimmering altar of Xom.
  3596 | D:4      | Found a staircase to the Ecumenical Temple.
  3599 | D:4      | Reached * piety under Vehumet
  3599 | D:4      | Offered knowledge of Sandblast by Vehumet.
  3633 | Temple   | Entered the Ecumenical Temple
  3700 | D:4      | Found a sacrificial altar of Ru.
  3700 | D:4      | Noticed Ijyb
  3707 | D:4      | Killed Ijyb
  3707 | D:4      | Reached skill level 7 in Spellcasting
  3713 | D:4      | Noticed Pikel
  3720 | D:4      | Noticed a slave
  3721 | D:4      | Noticed a slave
  3723 | D:4      | Killed Pikel
  3723 | D:4      | Reached skill level 8 in Spellcasting
  3723 | D:4      | Reached XP level 7. HP: 17/36 MP: 0/21
  4194 | D:4      | Found an ornate altar of the Wu Jian Council.
  4560 | D:5      | Entered Level 5 of the Dungeon
  4566 | D:5      | Reached skill level 9 in Spellcasting
  4618 | D:5      | Reached XP level 8. HP: 23/41 MP: 17/23
  6028 | D:5      | Reached skill level 1 in Shields
  6532 | D:6      | Offered knowledge of Foxfire by Vehumet.
  6535 | D:6      | Learned a level 1 spell: Foxfire
  6544 | D:6      | Reached ** piety under Vehumet
  6749 | D:6      | Reached skill level 10 in Spellcasting
  6792 | D:6      | Reached skill level 1 in Fire Magic
  7382 | D:7      | Noticed Harold
  7387 | D:7      | HP: 1/42 [Harold/+0 halberd (20)]
  7389 | D:7      | Demolished by Harold

Levels and vault maps discovered:
D:1:      dpeg_arrival_fog, layout_basic
D:2:      layout_loops_ring, old_standard_altar
D:3:      layout_rooms, grunt_temple_overflow_champion_of_chaos,
          overflow_temple_1_default, kiku_gazebo_pond_becter, minivault_23,
          minmay_ogre_servants, uniq_terence
D:4:      layout_loops_ring, nicolae_ru_awakened_eye, lemuel_crystal_altar,
          minmay_temple_entry_proselytizer, palyth_stone_intersect, uniq_ijyb,
          uniq_pikel
D:5:      layout_basic, first_ration
D:6:      layout_basic
D:7:      layout_basic, kennysheep_mini, serial_shops, shop, enter_bailey_3,
          the_bakery, uniq_prince_ribbit1, uniq_harold, uniq_menkaure
Temple:   nicolae_temple_figure_zero

Skill      XL: |  1  2  3  4  5  6  7  8 |
---------------+-------------------------+-----
Spellcasting   | 4 5 6 8 9 10 | 10.0
Conjurations   | 5 6 8 9 |  9.2
Shields        | 2 |  2.1
Fire Magic     | 1 |  1.6
Fighting       | |  0.6
Dodging        | |  2.8
Stealth        | |  2.4

Action                   |  1- 3 |  4- 6 |  7- 9 || total
-------------------------+-------+-------+-------++-------
Melee: Falchion          |       |     1 |       ||     1
 Cast: Magic Dart        |    74 |    79 |    70 ||   223
       Searing Ray       |     2 |    12 |    30 ||    44
  Use: Scroll            |       |     7 |     6 ||    13
  Eat: Chunk             |     2 |     6 |     7 ||    15
       Ration            |       |       |     1 ||     1
Armor: Robe              |     1 |     2 |       ||     3
Dodge: Dodged            |     5 |    13 |    10 ||    28
Block: Buckler           |       |       |     3 ||     3
       Rpst.: Falchion   |       |     1 |     2 ||     3

Table legend:
 A = Non-vault XP
 B = Vault XP
 C = Vault XP percentage of total XP
 D = Non-vault monster count
 E = Vault monster count
 F = Vault count percentage of total count
                 A         B        C        D         E       F
            +---------+---------+-------+---------+---------+-------
      Total |    1488 |     922 |  38.3 |     116 |      14 |  10.8
            +---------+---------+-------+---------+---------+-------
        D:1 |      68 |       0 |   0.0 |      30 |       0 |   0.0
        D:2 |      55 |       0 |   0.0 |      18 |       0 |   0.0
        D:3 |     152 |     226 |  59.8 |      21 |      11 |  34.4
        D:4 |      84 |     696 |  89.2 |      10 |       3 |  23.1
        D:5 |     477 |       0 |   0.0 |      13 |       0 |   0.0
        D:6 |     652 |       0 |   0.0 |      24 |       0 |   0.0
            +---------+---------+-------+---------+---------+-------
